 Dungeon Crawl Stone Soup version 0.28-a0-1629-gf728b707aa (webtiles) character file.

Game seed: 11022465082874826846

46 HallandMoats the Skirmisher (level 3, -1/31 HPs)
             Began as a Ghoul Fighter on Jan 25, 2022.
             Was a Plaything of Xom.
             Slain by an orc wizard (2 damage)
             ... on level 3 of the Dungeon.
             The game lasted 00:01:11 (1076 turns).

HallandMoats the Skirmisher (Ghoul Fighter)         Turns: 1076, Time: 00:01:12

Health: -1/31      AC:  6    Str: 19    XL:     3   Next: 66%
Magic:  3/3        EV:  9    Int:  5    God:    Xom [..*...]
Gold:   49         SH:  4    Dex:  8    Spells: 2/2 levels left

rFire   . . .      SeeInvis .   a - +0 trident
rCold   + . .      Faith    .   c - +0 buckler
rNeg    + + +      Spirit   .   b - +0 scale mail
rPois   ∞          Reflect  .   (no helmet)
rElec   .          Harm     .   (no cloak)
rCorr   .          Rampage  .   (no gloves)
Will    .....                   (no boots)
Stlth   ..........              (no amulet)
HPRegen 0.00/turn               (no ring)
MPRegen 0.08/turn               (no ring)

@: inhibited regen
A: claws 1, cold resistance 1, negative energy resistance 3, inhibited
regeneration, torment resistance 2
a: Renounce Religion


You were on level 3 of the Dungeon.
You worshipped Xom.
You were a toy of Xom.
You visited 1 branch of the dungeon, and saw 3 of its levels.

You collected 49 gold pieces.

Inventory:

Hand Weapons
 a - a +0 trident (weapon)
Armour
 b - a +0 scale mail (worn)
 c - a +0 buckler (worn)
Jewellery
 g - a +6 ring of intelligence
Potions
 d - a potion of might
 e - a potion of attraction {unknown}
 f - a potion of berserk rage {unknown}
 h - a potion of haste {unknown}


   Skills:
 + Level 3.5 Fighting
 * Level 2.3 Polearms
 + Level 3.0 Armour
 + Level 0.5 Dodging
 + Level 2.9 Shields
 * Level 1.4 Invocations


You had 2 spell levels left.
You didn't know any spells.
Your spell library was empty.

Dungeon Overview and Level Annotations

Branches:
Dungeon (2/15)

Altars:
Xom


Innate Abilities, Weirdness & Mutations

You thrive by killing the living.
You are immune to poison.
You have sharp fingernails.
Your flesh is cold resistant. (rC+)
You are immune to negative energy. (rN+++)
You do not regenerate when monsters are visible.
You are immune to unholy pain and torment.


Message History

No target in view!
No target in view!
No target in view!
Something tries to affect you, but you resist.
You hear some strange, mumbled words.
Something tries to affect you, but you resist.
You hit the orc.
The orc is lightly wounded.
The orc hits you with a +0 trident. x2
You barely miss the orc.
The orc is lightly wounded.
The orc hits you with a +0 trident.
You closely miss the orc.
The orc is lightly wounded.
The orc hits you with a +0 trident.
You hit the orc but do no damage.
The orc is lightly wounded.
The orc hits you but does no damage.
You hit the orc.
The orc is almost dead.
The orc barely misses you. The orc hits you with a +0 trident!
A shower of butterflies erupts from you!
You puncture the orc!
You kill the orc!
Your Armour skill increases to level 3!
You barely miss something. Something hits you but does no damage.
Something hits you.
* * * LOW HITPOINT WARNING * * *
You miss something. You block something's attack.
You barely miss something.
You hear some strange, mumbled words.
A magic dart appears from out of thin air!
The magic dart hits you.
* * * LOW HITPOINT WARNING * * *
You hit something. Something hits you but does no damage.
You closely miss something. Something hits you.
* * * LOW HITPOINT WARNING * * *
Something hits you but does no damage.
You miss something. Something hits you.
You die...

### #.#
.############.#####
.......bb.@{o.....#
.####.#######.###.....
# #.# ##.#
#######.###.##.
...............
.........##.##.
.......o.# .........#
.........#


You could see an orc.

Vanquished Creatures
  A worm (D:2)
  2 dart slugs (D:1)
  An orc (D:3)
  3 ball pythons
  2 endoplasms (D:1)
  A giant cockroach (D:1)
  8 goblins
  5 hobgoblins (D:1)
  2 quokkas
  A bat (D:1)
  4 frilled lizards
  4 kobolds (D:1)
  A rat (D:1)
35 creatures vanquished.

Notes
Turn   | Place    | Note
-------+----------+-------------------------------------------
     0 | D:1      | HallandMoats the Ghoul Fighter began the quest for the Orb.
     0 | D:1      | Reached XP level 1. HP: 19/19 MP: 0/0
   308 | D:1      | Reached XP level 2. HP: 26/26 MP: 1/1
   491 | D:1      | Reached skill level 1 in Invocations
   580 | D:1      | Reached XP level 3. HP: 29/31 MP: 2/2
   728 | D:1      | Found a faded altar of an unknown god.
   740 | D:1      | Prayed at the altar of an unknown god.
   740 | D:1      | Became a worshipper of Xom of Chaos
   878 | D:2      | XOM: silly message
  1036 | D:2      | You fall into a shaft and drop 1 floor!
  1069 | D:3      | XOM: butterfly on damage
  1075 | D:3      | HP: 1/31 [something (2)]
  1076 | D:3      | Slain by an orc wizard

Illustrated notes

Levels and vault maps discovered:
D:1:      lightli_arrival_lavapool, layout_loops_cross,
          dreamdust_ecumenical_altar_hidden_monk_grotto
D:2:      layout_rooms, fountainhead
D:3:      layout_basic, mainiacjoe_overflow_alcove_1, gammafunk_ghost_mausoleum,
          uniq_robin

Skill      XL: |  1  2  3 |
---------------+----------+-----
Polearms       | 2 |  2.3
Invocations    | 1 |  1.4
Armour         | 3 |  3.0
Fighting       | |  3.5
Dodging        | |  0.5
Shields        | |  2.9

Action                   || total
-------------------------++-------
Melee: Trident           ||   118
Armor: Scale mail        ||    44
Dodge: Dodged            ||    36
Block: Buckler           ||    25

Table legend: (Time is in decaauts)
 A = Elapsed time spent in this place.
 B = Non-inter-level travel time spent in this place.
 C = Inter-level travel time spent in this place.
 D = Time resting spent in this place.
 E = Time spent auto-exploring this place.
 F = Levels seen in this place.
 G = Mean time per level.
                   A        B        C        D        E       F      G
               +--------+--------+--------+--------+--------+-----+--------+
         Total |   1104 |   1076 |     28 |      0 |    826 |   3 |  368.0 |
       Dungeon |   1104 |   1076 |     28 |      0 |    826 |   3 |  368.0 |
               +--------+--------+--------+--------+--------+-----+--------+

Top non-repeatable levels by time:
     D:1: 881 daAuts
     D:2: 180 daAuts
     D:3: 42 daAuts
